 Dungeon Crawl Stone Soup version 0.17.2-1-ge4368a0 (webtiles) character file.

2 magipi the Slasher (level 1, -1/16 HPs)
             Began as a High Elf Berserker on June 30, 2017.
             Was a Follower of Trog.
             Slain by a jackal (2 damage)
             ... on level 1 of the Dungeon.
             The game lasted 00:00:32 (48 turns).

magipi the Slasher (High Elf Berserker)               Turns: 48, Time: 00:00:32

Health: -1/16      AC:  2    Str: 16    XL:     1   Next: 25%
Magic:  2/2        EV: 12    Int: 10    God:    Trog [*.....]
Gold:   0          SH:  0    Dex: 14    Spells: 0 memorised, 0 levels left

rFire  . . .     SeeInvis .     a - +0 falchion
rCold  . . .     Clarity  .     b - +0 animal skin
rNeg   . . .     SustAt   .     (no shield)
rPois  .         Gourm    .     (no helmet)
rElec  .         Spirit   .     (no cloak)
rCorr  .         Warding  .     (no gloves)
rMut   .         Stasis   .     (no boots)
MR     .....                    (no amulet)
Stlth  +.........               (no ring)
                                (no ring)

@: exhausted, slowed, very slow, not resistant to hostile enchantments, very
unstealthy
A: no striking features
a: Berserk, Burn Spellbooks, Renounce Religion


You were on level 1 of the Dungeon.
You worshipped Trog.
Trog was aware of your devotion.
You were not hungry.

You visited 1 branch of the dungeon, and saw 1 of its levels.

Inventory:

Hand Weapons
 a - a +0 falchion (weapon)
Armour
 b - a +0 animal skin (worn)
Comestibles
 c - a bread ration


   Skills:
 + Level 3.0 Fighting
 * Level 3.7 Long Blades
 + Level 1.9 Armour
 - Level 2.1 Dodging


You couldn't memorise any spells.
You didn't know any spells.

Dungeon Overview and Level Annotations

Branches:
Dungeon (1/15)

Altars:


Message History

Welcome, magipi the High Elf Berserker.
It is said that the Orb of Zot exists deep within this dungeon, but nobody has ever found it.
Trog says: Kill them all!
Press ? for a list of commands and other information.
Found a staircase leading out of the dungeon.
You open the door.
There is an open door here.
You enter the shallow water.
Moving in this stuff is going to be slow.
You open the door.
Found 3 scrolls labeled ACESME DECUI and a scroll labeled VITOUQ VIMEJE. 3 jackals come into view.
The jackal barks!
Found an escape hatch in the floor.
A jackal comes into view.
There is an open door here.
The jackal moves out of view.
The jackal barks!
You hit the jackal but do no damage. The jackal bites you.
You hit the jackal but do no damage. The jackal closely misses you.
The jackal completely misses you.
A giant cockroach comes into view.
The giant cockroach moves out of view.
The jackal bites you.
A red film seems to cover your vision as you go berserk!
You feel yourself moving faster!
You feel mighty!
You feel somewhat more hungry. The jackal bites you.
The jackal closely misses you.
You slash the jackal!
You kill the jackal!
Trog accepts your kill.
The jackal bites you but does no damage.
You see here a jackal corpse.
Unknown command.
Unknown command.
You barely miss the jackal.
The jackal bites you but does no damage.
You barely miss the jackal.
The jackal bites you but does no damage.
You closely miss the jackal. The jackal bites you.
You closely miss the jackal.
The jackal barks!
The jackal bites you.
You barely miss the jackal. The jackal bites you.
You closely miss the jackal.
The jackal barks!
The jackal misses you.
You hit the jackal.
You kill the jackal!
Trog accepts your kill.
You see here a jackal corpse.
You feel a strong urge to attack something.
You are no longer berserk.
You are exhausted.
You feel yourself slow down.
You miss the jackal. The jackal barely misses you. The jackal misses you.
You closely miss the jackal. The jackal barely misses you.
The jackal completely misses you.
The jackal bites you but does no damage.
The jackal barely misses you. x2
The jackal closely misses you.
You barely miss the jackal. The jackal bites you.
The jackal closely misses you. The jackal bites you.
The jackal closely misses you.
You barely miss the jackal. The jackal bites you.
The jackal closely misses you. The jackal misses you.
The jackal barely misses you.
Unknown command.
You hit the jackal.
The jackal is moderately wounded.
The jackal bites you.
* * * LOW HITPOINT WARNING * * *
The jackal misses you.
The jackal bites you but does no damage.
The jackal closely misses you.
The jackal bites you but does no damage.
The jackal closely misses you.
You hit the jackal.
The jackal is almost dead.
The jackal bites you but does no damage.
The jackal splashes around in the water.
The jackal bites you.
* * * LOW HITPOINT WARNING * * *
The jackal bites you.
You die...

#.....# #.....#
#######'#########
≈≈≈≈≈≈≈.≈≈≈≈≈≈≈≈≈
♣♣♣P♣♣≈.≈PP♣P.PP♣
.PP♣♣.≈.≈♣P♣P.♣♣P
≈≈≈≈≈≈≈.≈≈≈≈≈≈≈≈≈
≈≈≈≈≈...††≈≈≈≈≈≈≈
.♣.♣≈.###@≈P♣.P♣P
♣P♣♣≈.#§#hhP.PP.P
♣♣♣♣P≈.###s≈..♣♣PP
≈≈≈≈≈≈.....≈≈≈≈≈≈≈
≈≈≈≈≈≈≈≈.≈≈≈≈≈≈≈≈≈
PPPP.♣≈.≈♣.P♣♣.PP
P♣♣♣♣♣♣≈.≈.P.♣.P♣♣
≈≈≈≈≈≈≈≈.≈≈≈≈≈≈≈≈
########'#######


You could see 2 jackals and a giant cockroach.

Vanquished Creatures
  2 jackals (D:1)
2 creatures vanquished.

Notes
Turn   | Place    | Note
--------------------------------------------------------------
     0 | D:1      | magipi the High Elf Berserker began the quest for the Orb.
     0 | D:1      | Reached XP level 1. HP: 16/16 MP: 2/2
    48 | D:1      | Slain by a jackal

Action                   || total
-------------------------++-------
Melee: Falchion          ||    16
Invok: Berserk           ||     1
